 Dungeon Crawl Stone Soup version 0.31-a0-1549-g5ff9445e89 (webtiles) character file.

Game seed: 13610709663588600086

48027 grandjackal the Eclecticist (level 14, 0/82 HPs)
             Began as a Deep Elf Earth Elementalist on Jan 3, 2024.
             Was a High Priest of Vehumet.
             Slain by a skyshark (4 damage)
             ... on level 5 of the Lair of Beasts.
             The game lasted 00:42:16 (20373 turns).

grandjackal the Eclecticist (DEEE)                 Turns: 20373, Time: 00:42:17

Health: 0/82       AC:  8    Str:  5    XL:     14   Next: 10%
Magic:  2/36       EV: 12    Int: 32    God:    Vehumet [*****.]
Gold:   1855       SH:  0    Dex: 15    Spells: 4/46 levels left

rFire   . . .        (no weapon)
rCold   . . .        (no shield)
rNeg    . . .        H - +2 robe {Will+}
rPois   .            J - +0 helmet of Itiwol {rElec}
rElec   +            G - +0 cloak
rCorr   .            N - +0 pair of gloves
SInv    .            f - +0 pair of boots
Will    ++...        (no amulet)
Stlth   ++           R - +6 ring of intelligence
HPRegen 0.33/turn    a - ring of wizardry
MPRegen 0.25/turn

%: wizardry (x1)
@: studying Ice Magic
A: no striking features
a: Renounce Religion


You were on level 5 of the Lair of Beasts.
You worshipped Vehumet.
Vehumet was extremely pleased with you.
You visited 4 branches of the dungeon, and saw 20 of its levels.
You also visited: Ossuary and Ice Cave.

You collected 2077 gold pieces.
You spent 222 gold pieces at shops.

Inventory:

Armour
 f - a +0 pair of boots (worn)
 C - an orb of guile
 G - a +0 cloak (worn)
 H - a +2 robe of willpower (worn)
 J - the +0 helmet of Itiwol (worn) {rElec}
   (You bought it in a shop on level 10 of the Dungeon)

   rElec:     It insulates you from electricity.
 N - a +0 pair of gloves (worn)
Jewellery
 a - a ring of wizardry (right hand)
 L - a ring of ice
 M - the ring of Truth {Ice Str+3 Dex-5 Slay+5}
   (You found it in an ice cave)

   [ring of ice]

   Ice:       It enhances your ice magic.
   Str+3:     It affects your strength (+3).
   Dex-5:     It affects your dexterity (-5).
   Slay+5:    It affects your accuracy & damage with ranged weapons and melee
   (+5).
   rF-:       It makes you vulnerable to fire.
   rC+:       It protects you from cold.
 O - a ring of resist corrosion
 P - a ring of positive energy
 R - a +6 ring of intelligence (left hand)
Wands
 m - a wand of flame (50)
 s - a wand of mindburst (9)
 v - a wand of charming (25)
 E - a wand of iceblast (9)
 Q - a wand of polymorph (1)
Scrolls
 g - 8 scrolls of blinking {unknown}
 h - 10 scrolls of vulnerability {unknown}
 i - 9 scrolls of teleportation {unknown}
 l - a scroll of torment {unknown}
 o - 4 scrolls of fog {unknown}
 q - a scroll of enchant weapon {unknown}
 t - 2 scrolls of fear {unknown}
 u - 4 scrolls of poison {unknown}
 y - 5 scrolls of revelation {unknown}
 A - 4 scrolls of noise {unknown}
 B - 2 scrolls of enchant armour {unknown}
 D - a scroll of silence {unknown}
 F - 2 scrolls of amnesia {unknown}
Potions
 b - a potion of magic
 c - a potion of berserk rage
 d - 3 potions of brilliance
 e - 2 potions of ambrosia
 j - 4 potions of mutation
 k - 7 potions of curing
 n - a potion of lignification
 p - 3 potions of might
 r - 3 potions of haste
 w - 3 potions of attraction
 x - a potion of invisibility
 z - 6 potions of heal wounds
 I - 2 potions of enlightenment


   Skills:
 + Level 7.5 Fighting
 - Level 2.4 Dodging
 - Level 2.4 Stealth
 + Level 16.8 Spellcasting
 - Level 10.4 Conjurations
 + Level 12.4 Ice Magic
 + Level 6.0 Air Magic
 - Level 11.7 Earth Magic
 - Level 10.2 Alchemy


You had 4 spell levels left.
You knew the following spells:

 Your Spells              Type           Power      Damage    Failure   Level
a - Sandblast             Erth           100%       2d20      0%          1
b - Passwall              Erth           80%        N/A       1%          3
c - Stone Arrow           Conj/Erth      100%       3d13      1%          3
d - Brom's Barrelling Bo  Conj/Erth      78%        2d9       1%          4
e - Petrify               Alch/Erth      77%        N/A       1%          4
f - Alistair's Intoxicat  Alch           50%        N/A       1%          5
g - Searing Ray           Conj           100%       2d8       0%          2
h - Olgreb's Toxic Radia  Alch           75%        N/A       1%          4
i - Freezing Cloud        Conj/Ice/Air   36%        6-21      1%          5
j - Eringya's Noxious Bo  Alch           37%        4d6       1%          6
k - Iskenderun's Battles  Conj           76%        2d12      1%          5

Your spell library contained the following spells:

 Spells                   Type           Power      Damage    Failure   Level
 Apportation              Tloc           52%        N/A       1%          1
 Jinxbite                 Hex            52%        N/A       1%          2
 Scorch                   Fire           52%        2d7       1%          2
 Call Canine Familiar     Summ           26%        N/A       1%          3
 Sigil of Binding         Hex            26%        N/A       1%          3
 Flame Wave               Conj/Fire      57%        2d14      1%          4
 Dimensional Bullseye     Hex/Tloc       13%        N/A       6%          4
 Passage of Golubria      Tloc           26%        N/A       6%          4
 Borgnjor's Vile Clutch   Necr/Erth      29%        N/A       1%          5
 Silence                  Hex/Air        23%        N/A       4%          5
 Lehudib's Crystal Spear  Conj/Erth      39%        10d10     11%         8
 Summon Cactus Giant      Summ           13%        N/A       65%         6


Dungeon Overview and Level Annotations

Branches:
Dungeon (12/15)            Temple (1/1) D:4            Lair (5/5) D:9
 Shoals (0/4) Lair:2        Snake (0/4) Lair:2        Slime (0/5) Lair:4
    Orc (2/2) D:10            Elf (0/3) Orc:2       Ossuary (visited)
  IceCv (visited)

Altars:
Ashenzari
Cheibriados
Dithmenos
Elyvilon
Fedhas
Gozag
Hepliaklqana
Kikubaaqudgha
Makhleb
Nemelex Xobeh
Okawaru
Qazlal
Ru
Sif Muna
Trog
Uskayaw
Vehumet
Wu Jian
Xom
Yredelemnul
Zin
The Shining One
Jiyva

Shops:
D:10 [   Orc:2 :

Annotations:
D:10 3 runed translucent doors, BigPumpCobain's ghost, novice TrSh
D:11 3 runed translucent doors, grandjackal's ghost, journeyman DsGl
Orc:2 Azrael


Message History

The blast of sand hits the skyshark but does no damage.
The skyshark is almost dead.
The skyshark bites you.
The skyshark enters a blood-rage!
The skyshark tail-slaps you but does no damage.
The skyshark tail-slaps you. The skyshark closely misses you. x2
The skyshark tail-slaps you.
Unknown command.
Casting: Sandblast (safe; 0% risk of failure)
Confirm with . or Enter, or press ? or * to list all spells.
Aiming: Sandblast (safe; 0% risk of failure)
Press: ? - help, Shift-Dir - straight line, f/p - skyshark
Aim: a skyshark (almost dead, berserk, poisoned, 89% to hit)
The blast of sand hits the skyshark.
The skyshark is almost dead.
Your battlesphere fires!
The barrage of energy hits the skyshark but does no damage.
The skyshark is almost dead.
The skyshark bites you! The skyshark tail-slaps you.
The skyshark tail-slaps you but does no damage.
The skyshark bites you!!
* * * LOW HITPOINT WARNING * * *
The skyshark barely misses you. The skyshark tail-slaps you.
* * * LOW HITPOINT WARNING * * *
Casting: Sandblast (safe; 0% risk of failure)
Confirm with . or Enter, or press ? or * to list all spells.
Aiming: Sandblast (safe; 0% risk of failure)
Press: ? - help, Shift-Dir - straight line, f/p - skyshark
Aim: a skyshark (almost dead, berserk, poisoned, ally target, 89% to hit)
The blast of sand hits the skyshark.
The skyshark is almost dead.
Your battlesphere fires!
The barrage of energy hits the skyshark.
The skyshark is almost dead.
The skyshark barely misses you.
The skyshark tail-slaps you but does no damage.
The skyshark closely misses you. The skyshark barely misses you.
The skyshark tail-slaps you.
* * * LOW HITPOINT WARNING * * *
The skyshark tail-slaps you.
You die...

P. ... §... ####
#####.#.~
.#.#..P##.#....#
.......@F..†..#
###...#...†††.##.
### #.#...P....
###.*...#..
##..#.# . ..#.#
... # .... ...##


You could see a skyshark (berserk, poisoned, ally target) and a friendly
battlesphere.

Vanquished Creatures
  A hydra (Lair:2)
  An ice dragon (IceCv)
  2 boulder beetles (D:12)
  A catoblepas (Lair:5)
  2 two-headed ogres
  A skyshark (Lair:1)
  Amaemon (Lair:3)
  Lodul (D:12)
  7 orc knights (Orc:1)
  A cyclops (D:11)
  Maurice (D:8)
  A manticore (D:12)
  13 elephants
  2 ice statues (IceCv)
  11 cane toads
  An orange demon (Lair:3)
  A gargoyle (D:12)
  A black mamba (Lair:4)
  A kobold demonologist (D:12)
  An unseen horror (D:11)
  10 rime drakes
  6 komodo dragons
  Psyche (D:10)
  5 trolls
  8 blink frogs
  2 polar bears
  Grinder (D:5)
  Prince Ribbit (D:5)
  A hornet (D:7)
  Sigmund (D:2)
  A shadow (D:9)
  8 wyverns
  45 yaks
  4 wraiths
  A vampire (D:12)
  4 fire bats (D:12)
  7 fire elementals
  A warg (Orc:2)
  2 steam dragons
  3 basilisks
  Grum (D:8)
  An acid dragon (D:12)
  A hell hound (D:12)
  10 water moccasins
  18 orc warriors
  A sky beast (D:7)
  2 ice beasts
  A black bear (D:6)
  11 ogres
  2 centaurs
  8 wolves
  A phantom (D:6)
  5 kobold brigands
  8 bullfrogs
  An elf zombie (Ossuary)
  2 gnoll sergeants
  5 scorpions
  5 wights (D:9)
  12 killer bees
  4 lindwurm simulacra (IceCv)
  An electric eel (D:8)
  5 howler monkeys
  2 hounds
  8 komodo dragon simulacra (IceCv)
  2 lava snakes (D:12)
  A human zombie (Ossuary)
  A jelly (D:7)
  3 gnoll boudas
  13 orc priests
  2 sleepcaps (D:6)
  Terence (D:2)
  20 orc wizards
  An iguana (D:4)
  3 hound zombies (Ossuary)
  A killer bee simulacrum (D:8)
  4 mummies (Ossuary)
  4 acid dragon simulacra (IceCv)
  17 gnolls
  3 adders
  2 shadow imps
  13 white imps
  4 ufetubi
  5 steam dragon simulacra (IceCv)
  An adder zombie (Ossuary)
  3 dart slugs
  A ribbon worm (D:2)
  53 orcs
  4 endoplasms
  3 giant cockroaches
  2 gnoll zombies (Ossuary)
  3 goblins
  5 hobgoblins
  2 jackals (D:2)
  9 quokkas
  7 ball pythons
  5 bats
  4 frilled lizards
  A goblin zombie (Ossuary)
  25 kobolds
  2 kobold zombies (Ossuary)
  An orc zombie (Ossuary)
  3 rats (D:2)
512 creatures vanquished.

Vanquished Creatures (collateral kills)
  19 boulders
19 creatures vanquished.

Vanquished Creatures (others)
  10 boulders
10 creatures vanquished.

Grand Total: 541 creatures vanquished

Notes
Turn   | Place    | Note
-------+----------+-------------------------------------------
     0 | D:1      | grandjackal the Deep Elf Earth Elementalist began the quest
                  | for the Orb.
     0 | D:1      | Reached XP level 1. HP: 10/10 MP: 6/6
   222 | D:1      | Found a faded altar of an unknown god.
   421 | D:1      | Reached XP level 2. HP: 15/15 MP: 6/8
   772 | D:2      | Reached XP level 3. HP: 19/19 MP: 7/10
   914 | D:2      | Reached skill level 4 in Spellcasting
   969 | D:2      | Learned a level 3 spell: Passwall
   973 | D:2      | Learned a level 3 spell: Stone Arrow
  1233 | D:2      | Noticed Sigmund
  1237 | D:2      | Killed Sigmund
  1238 | D:2      | Reached skill level 5 in Spellcasting
  1238 | D:2      | Reached XP level 4. HP: 6/24 MP: 8/13
  1238 | D:2      | Reached XP level 5. HP: 7/28 MP: 8/14
  1333 | D:2      | Learned a level 4 spell: Brom's Barrelling Boulder
  1424 | D:2      | Found a stormy altar of Qazlal.
  1513 | D:2      | Noticed Terence
  1568 | D:2      | Killed Terence
  1569 | D:2      | Reached skill level 5 in Earth Magic
  1881 | D:3      | Reached XP level 6. HP: 32/32 MP: 13/16
  2540 | D:3      | Learned a level 4 spell: Petrify
  2756 | D:4      | Reached skill level 6 in Spellcasting
  2997 | D:4      | Found a staircase to the Ecumenical Temple.
  3036 | Temple   | Entered the Ecumenical Temple
  3059 | Temple   | Became a worshipper of Vehumet
  3499 | D:4      | Found an ancient bone altar of Kikubaaqudgha.
  3499 | D:4      | Found an ornate altar of the Wu Jian Council.
  3501 | D:4      | Found a hazy altar of Hepliaklqana.
  3504 | D:4      | Found a glowing silver altar of Zin.
  3613 | D:5      | Entered Level 5 of the Dungeon
  3613 | D:5      | Noticed Prince Ribbit
  3621 | D:5      | Killed Prince Ribbit
  3622 | D:5      | Reached skill level 5 in Conjurations
  3622 | D:5      | Reached XP level 7. HP: 36/36 MP: 4/19
  3735 | D:5      | Noticed Grinder
  3740 | D:5      | Killed Grinder
  3741 | D:5      | Reached skill level 7 in Spellcasting
  3869 | D:5      | Found a sand-covered staircase.
  3874 | Ossuary  | Entered an ossuary
  3894 | Ossuary  | Reached XP level 8. HP: 18/41 MP: 16/21
  4209 | Ossuary  | Reached skill level 8 in Spellcasting
  4422 | D:5      | Found a stormy altar of Qazlal.
  4607 | D:6      | Reached * piety under Vehumet
  4607 | D:6      | Offered knowledge of Sting by Vehumet.
  4701 | D:6      | You fall into a shaft and drop 1 floor!
  4975 | D:6      | Reached skill level 9 in Spellcasting
  5187 | D:6      | Reached XP level 9. HP: 45/45 MP: 13/24
  5535 | D:6      | Learned a level 5 spell: Alistair's Intoxication
  5598 | D:7      | Reached skill level 1 in Alchemy
  5710 | D:7      | Offered knowledge of Scorch by Vehumet.
  5712 | D:7      | Reached ** piety under Vehumet
  5848 | D:7      | Reached skill level 10 in Spellcasting
  6545 | D:8      | Noticed Grum
  6575 | D:8      | Killed Grum
  6580 | D:8      | Found a hide-covered altar of Uskayaw.
  6716 | D:8      | Noticed a +0 dagger
  6716 | D:8      | Noticed a +0 dagger
  6844 | D:8      | Found a glowing golden altar of the Shining One.
  6914 | D:8      | Offered knowledge of Searing Ray by Vehumet.
  7018 | D:8      | Learned a level 2 spell: Searing Ray
  7180 | D:8      | Noticed Maurice
  7195 | D:8      | Killed Maurice
  7196 | D:8      | Reached skill level 11 in Spellcasting
  7196 | D:8      | Reached XP level 10. HP: 50/50 MP: 11/27
  7338 | D:8      | Reached *** piety under Vehumet
  7709 | D:9      | Offered knowledge of Olgreb's Toxic Radiance by Vehumet.
  7727 | D:9      | Reached skill level 5 in Alchemy
  7830 | D:8      | Learned a level 4 spell: Olgreb's Toxic Radiance
  7851 | D:9      | Reached skill level 10 in Earth Magic
  7992 | D:9      | Reached skill level 12 in Spellcasting
  8271 | D:9      | Found a sacrificial altar of Ru.
  8271 | D:9      | Found a blossoming altar of Fedhas.
  8342 | D:9      | Reached skill level 10 in Conjurations
  8349 | D:9      | Reached **** piety under Vehumet
  8491 | D:9      | Found a staircase to the Lair.
  8502 | D:9      | Reached XP level 11. HP: 54/54 MP: 25/29
  8986 | D:10     | Entered Level 10 of the Dungeon
  8986 | D:10     | Found a snail-covered altar of Cheibriados.
  9141 | D:10     | Noticed a two-headed ogre
  9148 | D:10     | Killed a two-headed ogre
  9148 | D:10     | Offered knowledge of Ignite Poison by Vehumet.
  9151 | D:10     | Found Dakit's Armour Emporium.
  9232 | D:10     | Found a staircase to the Orcish Mines.
  9332 | D:10     | Bought the +0 helmet of Itiwol {rElec} for 222 gold pieces
  9381 | D:10     | Noticed BigPumpCobain's ghost (novice TrSh)
  9405 | D:10     | Noticed Psyche
  9407 | D:10     | Killed Psyche
  9811 | D:10     | Found a runed translucent gate.
  9812 | D:10     | Found a runed translucent gate.
  9813 | D:10     | Found a runed translucent gate.
  9958 | D:10     | Found the +6 Majin-Bo {spellvamp, MP+6 Int+6}
 10086 | D:11     | Reached skill level 1 in Fighting
 10280 | D:11     | Reached skill level 13 in Spellcasting
 10453 | D:11     | Found a frozen archway.
 10525 | IceCv    | Entered an ice cave
 10529 | IceCv    | Reached ***** piety under Vehumet
 10601 | IceCv    | Offered knowledge of Freezing Cloud by Vehumet.
 11308 | IceCv    | Noticed an ice dragon
 11351 | IceCv    | Killed an ice dragon
 11508 | IceCv    | Identified the ring of Truth {Ice Str+3 Dex-5 Slay+5}
 11521 | IceCv    | Learned a level 5 spell: Freezing Cloud
 11666 | D:11     | Found a runed translucent gate.
 11666 | D:11     | Noticed grandjackal's ghost (journeyman DsGl)
 11667 | D:11     | Found a runed translucent gate.
 11667 | D:11     | Found a runed translucent gate.
 11782 | D:11     | Learned a level 6 spell: Eringya's Noxious Bog
 11802 | D:11     | Reached skill level 1 in Ice Magic
 12491 | D:12     | Noticed Lodul
 12497 | D:12     | Reached XP level 12. HP: 64/64 MP: 10/31
 12499 | D:12     | Killed Lodul
 12518 | D:12     | Reached skill level 14 in Spellcasting
 12873 | D:12     | HP: 2/66 [fire elemental (10)]
 13103 | D:12     | Reached skill level 5 in Ice Magic
 13277 | D:12     | Noticed a boulder beetle
 13282 | D:12     | Killed a boulder beetle
 13426 | D:12     | Noticed a boulder beetle
 13441 | D:12     | Killed a boulder beetle
 13906 | Orc:1    | Entered Level 1 of the Orcish Mines
 13938 | Orc:1    | Offered knowledge of Iskenderun's Mystic Blast by Vehumet.
 14078 | Orc:1    | Reached skill level 5 in Fighting
 14164 | Orc:1    | Reached skill level 15 in Spellcasting
 14164 | Orc:1    | Reached skill level 10 in Alchemy
 14422 | Orc:2    | Entered Level 2 of the Orcish Mines
 14425 | Orc:2    | Noticed a two-headed ogre
 14433 | Orc:2    | Killed a two-headed ogre
 14593 | Orc:2    | Found a staircase to the Elven Halls.
 14647 | Orc:2    | Found Ucrayd's Book Boutique.
 14892 | Orc:1    | Reached skill level 1 in Air Magic
 15060 | Orc:2    | Noticed Azrael
 15172 | Lair:1   | Entered Level 1 of the Lair of Beasts
 15178 | Lair:1   | Reached XP level 13. HP: 30/74 MP: 18/34
 16460 | Lair:2   | Found a staircase to the Snake Pit.
 16482 | Lair:2   | Found a staircase to the Shoals.
 16757 | Lair:2   | Reached skill level 10 in Ice Magic
 17212 | Lair:2   | Offered knowledge of Iskenderun's Battlesphere by Vehumet.
 17656 | Lair:2   | Learned a level 5 spell: Iskenderun's Battlesphere
 17679 | Lair:3   | Reached skill level 16 in Spellcasting
 18438 | Lair:3   | Noticed Amaemon
 18443 | Lair:3   | Killed Amaemon
 19057 | Lair:4   | Reached skill level 5 in Air Magic
 20157 | Lair:4   | Found a staircase to the Slime Pits.
 20157 | Lair:4   | Found a viscous altar of Jiyva.
 20263 | Lair:5   | Entered Level 5 of the Lair of Beasts
 20273 | Lair:5   | Reached XP level 14. HP: 82/82 MP: 11/36
 20373 | Lair:5   | HP: 4/82 [skyshark (4)]
 20373 | Lair:5   | Slain by a skyshark

Illustrated notes

Levels and vault maps discovered:
D:1:      matt_arrival_refuge, layout_rooms, nicolae_ecumenical_lake_church,
          dk_noncrumbling_2
D:2:      layout_loops_ring, basic_altar, st_stairs_2,
          amcnicky_mini_rare_corridor_liquid, minivault_26, uniq_terence,
          uniq_sigmund
D:3:      layout_basic
D:4:      minmay_spotlight, layout_cave_pools, minitemple, temple_green,
          roderic_lattice_a
D:5:      layout_rooms, marbit_many_paths, enter_ossuary_2,
          serial_bayou_crossing, uniq_grinder, uniq_prince_ribbit1
D:6:      layout_basic
D:7:      layout_basic, nrook_uturn
D:8:      layout_basic, dancing_weapons_uskayaw, old_standard_altar, serial_ice,
          serial_ice_k, serial_ice_c, serial_ice_e, serial_ice_g, uniq_grum,
          uniq_maurice
D:9:      layout_basic, mainiacjoe_overflow_divided_tiny,
          minmay_lair_entry_grove
D:10:     layout_basic, cheibriados_altar_1, orc_david_3, gammafunk_ghost_icy,
          uniq_psyche
D:11:     layout_irregular_city, gammafunk_ghost_nasty_kobolds,
          portal_ice_cave_entry_imps
D:12:     layout_grid_maze, minmay_misc_feat_hallway, hangedman_incinerator,
          uniq_lodul
Temple:   hellmonk_temple_flake
Lair:1:   layout_regular_city, serial_rivers, chequers_serial_rivers_marsh,
          chequers_serial_rivers_small_b, chequers_serial_rivers_micro_d,
          chequers_serial_rivers_small_b, chequers_serial_rivers_large_a,
          chequers_serial_rivers_room_b
Lair:2:   layout_roguey, shoals_dummy_entry, dummy_snake_entry
Lair:3:   layout_cave_pods, uniq_amaemon
Lair:4:   layout_concentric_octagons, slime_entry_1, beast_lair_carwin_2
Lair:5:   gammafunk_lair_ancient_temple, layout_loops_ring,
          gammafunk_ghost_split, st_stairs_11
Orc:1:    layout_caves, special_room [special_room_orc], uniq_harold
Orc:2:    hellmonk_orc_salted, layout_diamond_mine, serial_shops,
          nicolae_shop_hallway_plus, uniq_azrael

Skill      XL: |  1  2  3  4  5  6  7  8  9 10 11 12 13 14 |
---------------+-------------------------------------------+-----
Conjurations   | 2 3 5 7 8 10 | 10.4
Spellcasting   | 5 6 7 9 11 12 13 15 16 | 16.8
Earth Magic    | 4 5 6 8 9 10 11 | 11.7
Alchemy        | 4 6 8 10 | 10.2
Fighting       | 3 5 7 |  7.5
Ice Magic      | 2 8 12 | 12.4
Air Magic      | 1 5 6 |  6.0
Dodging        | |  2.4
Stealth        | |  2.4

Action                     |  1- 3 |  4- 6 |  7- 9 | 10-12 | 13-15 || total
---------------------------+-------+-------+-------+-------+-------++-------
  Melee: Unarmed           |       |     4 |       |       |       ||     4
   Cast: Sandblast         |    43 |    64 |    63 |     6 |    17 ||   193
         Stone Arrow       |       |    12 |    86 |   204 |   104 ||   406
         Passwall          |       |     2 |       |       |       ||     2
         Brom's Barrelling |       |       |     6 |    29 |     5 ||    40
         Searing Ray       |       |       |     2 |    11 |       ||    13
         Olgreb's Toxic Ra |       |       |       |    70 |    41 ||   111
         Freezing Cloud    |       |       |       |     6 |     9 ||    15
         Eringya's Noxious |       |       |       |     7 |    14 ||    21
         Alistair's Intoxi |       |       |       |     1 |       ||     1
         Iskenderun's Batt |       |       |       |       |     3 ||     3
         Petrify           |       |       |       |       |     1 ||     1
  Evoke: Wand              |       |     3 |     2 |     6 |       ||    11
    Use: Scroll            |       |     5 |     2 |     2 |     4 ||    13
         Potion            |       |       |       |     3 |       ||     3
 Armour: Robe              |     7 |    13 |    35 |    97 |    44 ||   196
         Skin              |       |       |       |    17 |       ||    17
  Dodge: Dodged            |    10 |    20 |    21 |    47 |    31 ||   129

Table legend: (Time is in decaauts)
 A = Elapsed time spent in this place.
 B = Non-inter-level travel time spent in this place.
 C = Inter-level travel time spent in this place.
 D = Time resting spent in this place.
 E = Time spent auto-exploring this place.
 F = Levels seen in this place.
 G = Mean time per level.
                   A        B        C        D        E       F      G
               +--------+--------+--------+--------+--------+-----+--------+
         Total |  20491 |  19776 |    715 |   7153 |   9094 |  22 |  931.4 |
       Dungeon |  12825 |  12265 |    560 |   4000 |   6129 |  12 | 1068.8 |
        Temple |     34 |     23 |     11 |      0 |      0 |   1 |   34.0 |
          Lair |   5013 |   4930 |     83 |   1792 |   2673 |   5 | 1002.6 |
  Orcish Mines |   1089 |   1029 |     60 |    476 |    254 |   2 |  544.5 |
       Ossuary |    423 |    423 |      0 |    224 |      0 |   1 |  423.0 |
      Ice Cave |   1104 |   1104 |      0 |    661 |     37 |   1 | 1104.0 |
               +--------+--------+--------+--------+--------+-----+--------+

Top non-repeatable levels by time:
    D:12: 1758 daAuts
     D:8: 1712 daAuts
  Lair:4: 1438 daAuts
     D:9: 1242 daAuts
  Lair:2: 1221 daAuts
    D:10: 1209 daAuts
  Lair:3: 1163 daAuts
     D:2: 1107 daAuts
   IceCv: 1104 daAuts
  Lair:1: 1077 daAuts
     D:4: 1012 daAuts
    D:11: 1010 daAuts
     D:6: 904 daAuts
     D:7: 767 daAuts
     D:3: 764 daAuts
